Map: Alcyone LE

Players

Applepi - Winner!

  • Race: Zerg Zerg
  • League: Gold
  • Spawn Location: 7:00

A.I. 1 (Hard)

  • Race: Terran Terran
  • Spawn Location: 1:00

VOD

Have the link to the VOD?

Description

Time

  • Played on: May 20, 2025, 4:16 p.m.
  • Length: 10:09
Show
View Real Time Build Order
Export as new Build Order

Applepi Zerg - Winner!

Build Orders: Pool First 

Get SALT Encoding   

  12  0:03  Drone  
  13  0:13  Overlord  
  13  0:18  Drone  
  14  0:32  Drone x2  
  16  0:37  Extractor  
  15  0:47  Spawning Pool, Drone  
  15  0:51  Drone  
  16  1:01  Drone  
  17  1:10  Overlord  
  17  1:19  Drone  
  18  1:32  Hatchery  
  17  1:36  Drone  
  18  1:43  Metabolic Boost  
  18  1:56  Queen  
  20  2:02  Zergling x2  
  21  2:10  Drone  
  21  2:13  Overlord  
  22  2:27  Drone  
  23  2:32  Queen  
  23  2:33  Drone  
  26  2:41  Drone  
  27  2:49  Drone x2  
  29  2:52  Queen  
  31  3:04  Drone  
  32  3:07  Drone  
  33  3:17  Drone x2  
  35  3:23  Lair  
  35  3:28  Queen  
  35  3:31  Evolution Chamber  
  36  3:35  Roach Warren  
  35  3:44  Extractor  
  35  3:45  Drone x3  
  37  3:55  Overlord  
  37  3:56  Overlord  
  37  3:59  Drone x2  
  37  4:00  Drone  
  40  4:10  Drone  
  40  4:11  Drone x2  
  40  4:16  Zerg Melee Weapons Level 1  
  43  4:20  Glial Reconstitution  
  43  4:25  Roach x2  
  47  4:34  Roach x3  
  47  4:37  Zergling x2  
  54  4:47  Overlord x2  
  54  4:52  Roach x2  
  58  4:53  Roach  
  60  5:10  Roach x4  
  60  5:12  Overlord x2  
  68  5:22  Roach x2  
  68  5:23  Roach  
  68  5:24  Zergling x4  
  76  5:37  Roach x3  
  76  5:38  Roach, Zergling x6  
  76  5:40  Zergling x2  
  88  5:54  Overlord x2  
  88  6:00  Roach  
  90  6:10  Zerg Missile Weapons Level 1  
  90  6:12  Overlord x2  
  90  6:20  Roach x3  
  90  6:21  Roach  
  90  6:22  Roach  
  100  6:30  Overlord x2  
  100  6:34  Roach x3  
  100  6:35  Roach  
  100  6:36  Roach x2  
  112  6:47  Overlord x2  
  112  6:52  Roach  
  114  7:04  Roach x5  
  114  7:06  Zergling x6  
  127  7:13  Overlord  
  127  7:14  Overlord  
  127  7:20  Roach  
  129  7:33  Roach x6  
  129  7:34  Zergling x2  
  142  7:41  Drone  
  138  7:49  Drone  
  87  8:07  Roach  
  87  8:08  Roach x6  
  87  8:09  Zergling x2  
  102  8:14  Drone  
  103  8:23  Roach x2  
  107  8:47  Hatchery  
  106  8:51  Roach x6  
  111  9:08  Roach x5  
  111  9:09  Zergling x4  
  117  9:23  Drone x2  
  117  9:26  Roach x4  
  117  9:27  Zergling x6  
  125  9:37  Roach  
  125  9:47  Extractor  
  125  9:48  Extractor  
  125  9:51  Drone x3  
Show
View Real Time Build Order
Export as new Build Order

A.I. 1 (Hard) Terran 

Build Orders:  

Get SALT Encoding   

  12  0:00  SCV  
  13  0:13  SCV  
  14  0:19  Supply Depot  
  14  0:25  SCV  
  15  0:40  SCV  
  15  0:41  Barracks  
  16  0:47  Refinery  
  16  0:52  SCV  
  17  1:04  SCV  
  18  1:17  SCV  
  19  1:19  Supply Depot  
  19  1:29  Marine, Orbital Command  
  20  1:39  Barracks  
  20  1:48  Refinery, Barracks Tech Lab  
  20  1:54  SCV  
  21  2:06  Marine  
  21  2:07  Supply Depot  
  22  2:24  Marine  
  22  2:26  Marine  
  24  2:38  Supply Depot  
  24  2:42  Marine  
  24  2:43  Marine  
  26  2:53  SCV  
  27  3:00  Marauder  
  27  3:01  Marine  
  27  3:05  SCV  
  31  3:06  Engineering Bay  
  31  3:17  SCV  
  31  3:19  Marine  
  33  3:21  Marine  
  33  3:25  Supply Depot  
  34  3:29  SCV  
  35  3:40  Marauder  
  35  3:41  SCV  
  38  3:53  SCV  
  39  4:01  Marauder  
  41  4:22  Marauder  
  43  4:55  Barracks Tech Lab  
  43  4:56  Stimpack  
  43  4:57  Factory  
  43  4:58  Factory  
  43  5:09  Missile Turret  
  43  5:13  Combat Shield  
  43  5:14  Missile Turret, Terran Infantry Weapons Level 1  
  43  5:36  Bunker  
  43  5:38  Command Center  
  43  5:40  Factory Tech Lab  
  43  5:43  Starport  
  43  5:46  Starport  
  43  5:47  Factory Tech Lab  
  43  5:59  Supply Depot  
  43  6:00  Siege Tank  
  46  6:09  Siege Tank  
  49  6:13  Barracks  
  49  6:21  Starport Tech Lab  
  49  6:22  Starport Tech Lab  
  49  6:32  Concussive Shells  
  49  6:33  Cyclone  
  52  6:43  Raven  
  54  6:51  SCV  
  54  6:52  SCV  
  56  7:00  Refinery  
  56  7:02  Missile Turret  
  56  7:03  Missile Turret, SCV  
  56  7:04  SCV  
  58  7:09  Terran Infantry Armor Level 1  
  58  7:14  Refinery, Raven  
  58  7:15  SCV  
  61  7:16  SCV  
  62  7:23  Bunker  
  62  7:27  Sensor Tower, SCV  
  62  7:28  SCV  
  64  7:34  Armory  
  64  7:37  Barracks Reactor  
  64  7:39  SCV  
  64  7:40  SCV  
  66  7:46  Marine  
  58  7:51  SCV  
  58  7:53  SCV  
  58  7:55  Marine  
  50  8:03  SCV  
  50  8:04  Marine  
  46  8:07  SCV  
  46  8:12  Marine  
  41  8:15  SCV  
  38  8:20  Marine, SCV  
  33  8:27  SCV  
  33  8:29  Marine  
  31  8:35  SCV  
  31  8:38  Marine  
  28  8:46  Marine  
  27  8:54  Cyclone  
  28  8:57  Marauder  
  28  9:00  Siege Tank  
  15  9:35  SCV  
  7  9:47  SCV  
Tags
 
League
Gold
Matchup
TvZ
Opening
Pool First
Spawn Locations
Cross Positions
Add a new tag
Caveats
  • Supply blocks, unpowered buildings, or Contaminate may cause inaccurate times.
  • Supply counts are checked every 10 seconds.